General information
- name: BNet
- type: Ladder 1vs1/FFA
- host: Battle.net
- saver: i_O_i
map: EchoIsles
- players: 2
- length: 24:25
- speed: Fast
- version: 1.26 W3XP
- replay type: Public
» download(120 KB)
Players
team 1 (loser)
I.L.O (
orange | 173 APM | 4226 actions | 24:23)
5 Blademaster
2 Wind Walk
3 Critical Strike
5 Shadow Hunter
2 Hex
3 Healing Wave
» actions
| Assign group hotkey | 99 | |
| Basic commands | 274 | |
| Build / train | 130 | |
| ESC pressed | 2 | |
| Enter build submenu | 13 | |
| Enter hero's abilities submenu | 10 | |
| Give item / drop item | 9 | |
| Right click | 1447 | |
| Select / deselect | 603 | |
| Select group hotkey | 1458 | |
| Use ability | 181 | |
4226 total
» units
| Peon | 19 | |
| Grunt | 7 | |
| Raider | 18 | |
| Spirit Walker | 11 | |
| Kodo Beast | 4 | |
| Troll Headhunter/Berserker | 16 | |
| Forest Troll Berserker | 4 | |
79 total
» upgrades
| Ensnare | 1 | |
| Spirit Walker Training | 1 | |
| Reinforced Defenses | 1 | |
| Berserker Upgrade | 1 | |
| Troll Regeneration | 1 | |
5 total
» buildings
| Altar of Storms | 1 | |
| Orc Burrow | 6 | |
| Voodoo Lounge | 1 | |
| Barracks | 1 | |
| Stronghold | 3 | |
| Beastiary | 1 | |
| Spirit Lodge | 1 | |
| Fortress | 1 | |
| War Mill | 1 | |
16 total
» build order
00:05 Altar of Storms
00:17 Orc Burrow
00:49 Voodoo Lounge
01:12 Barracks
01:43 Orc Burrow
02:44 Stronghold
02:44 Stronghold
02:44 Stronghold
04:12 Orc Burrow
05:12 Beastiary
05:15 Spirit Lodge
06:23 Fortress
07:47 Orc Burrow
07:48 War Mill
08:22 Orc Burrow
10:35 Orc Burrow
» items
| Healing Salve | 4 | |
| Scroll of Speed | 5 | |
| Circlet of Nobility | 1 | |
| Boots of Speed | 1 | |
| Lesser Clarity Potion | 6 | |
| Dust of Appearance | 2 | |
| Potion of Lesser Invulnerability | 3 | |
| Orb of Lightning | 1 | |
| Potion of Healing | 1 | |
| Potion of Mana | 1 | |
| Tiny Great Hall | 1 | |
26 total
team 2 (winner)
i_O_i (
green | 160 APM | 3915 actions | 24:25)
5 Death Knight
3 Death Coil
2 Unholy Aura
5 Lich
1 Frost Armor
3 Frost Nova
1 Dark Ritual
4 Dark Ranger
2 Silence
2 Black Arrow
» actions
| Assign group hotkey | 97 | |
| Basic commands | 78 | |
| Build / train | 98 | |
| ESC pressed | 6 | |
| Enter build submenu | 18 | |
| Enter hero's abilities submenu | 14 | |
| Give item / drop item | 7 | |
| Right click | 1443 | |
| Select / deselect | 699 | |
| Select group hotkey | 1207 | |
| Use ability | 248 | |
3915 total
» units
| Acolyte | 2 | |
| Ghoul | 16 | |
| Crypt Fiend | 9 | |
| Obsidian Statue | 14 | |
41 total
» upgrades
| Creature Attack | 1 | |
| Burrow | 1 | |
| Destroyer Form | 1 | |
| Ghoul Frenzy | 2 | |
5 total
» buildings
| Graveyard | 2 | |
| Crypt | 1 | |
| Altar of Darkness | 1 | |
| Ziggurat | 6 | |
| Tomb of Relics | 1 | |
| Nerubian Tower | 1 | |
| Halls of the Dead | 2 | |
| Black Citadel | 1 | |
| Slaughterhouse | 1 | |
16 total
» build order
00:04 Graveyard
00:07 Crypt
00:09 Graveyard
00:42 Altar of Darkness
00:57 Ziggurat
01:37 Tomb of Relics
02:00 Ziggurat
03:14 Nerubian Tower
03:57 Halls of the Dead
03:57 Halls of the Dead
04:37 Ziggurat
06:22 Black Citadel
07:13 Slaughterhouse
09:45 Ziggurat
10:33 Ziggurat
19:54 Ziggurat
» items
| Rod of Necromancy | 5 | |
| Dust of Appearance | 3 | |
| Orb of Corruption | 2 | |
| Wand of Illusion | 1 | |
| Scroll of Town Portal | 5 | |
| Potion of Mana | 2 | |
| Potion of Lesser Invulnerability | 1 | |
| Sentry Wards | 1 | |
| Scroll of Healing | 2 | |
22 total
Chat log
(01:11 / All) i_O_i: hf
(06:19 / All) i_O_i: ur luck this game is just lol
(24:10 / All) I.L.O: aka?
(24:17 / All) i_O_i: tell me urs and ill tell u mine
(24:22 / All) I.L.O: gg